 Dungeon Crawl Stone Soup version 0.30-a0-241-g1121274140 (webtiles) character file.

Game seed: 916422604331302020

152 gelatine the Magician (level 5, -5/37 HPs)
             Began as a Djinni Air Elementalist on Oct 10, 2022.
             Slain by an ogre
             ... wielding a +0 giant club
              (8 damage)
             ... on level 3 of the Dungeon.
             The game lasted 00:07:07 (2225 turns).

gelatine the Magician (Djinni Air Elementalist)     Turns: 2225, Time: 00:07:08

Health: -5/37      AC: 11    Str:  7    XL:     5   Next: 60%
Gold:   212        EV:  7    Int: 19    God:
                   SH:  0    Dex: 13

rFire   + + .      SeeInvis .    d - +0 dagger
rCold   x . .      Faith    .    (no shield)
rNeg    + . .      Spirit   .    r - +0 pearl dragon scales
rPois   ∞          Reflect  .    n - +0 helmet
rElec   .          Harm     .    (no cloak)
rCorr   .          Rampage  .    (no gloves)
Will    .....                    (boots unavailable)
Stlth   ..........               (no amulet)
HPRegen 0.26/turn                (no ring)
MPRegen 0.00/turn                (no ring)

@: flying
A: sickness immunity, fire resistance 2, cold vulnerability 1, float, innate
caster, HP casting, extra vitality 1
a: no special abilities


You were on level 3 of the Dungeon.
You visited 1 branch of the dungeon, and saw 3 of its levels.

You collected 212 gold pieces.

Inventory:

Hand Weapons
 d - a +0 dagger (weapon)
Armour
 a - a +0 robe
 n - a +0 helmet (worn)
 r - +0 pearl dragon scales (worn)
Scrolls
 c - a scroll of fear {unknown}
 e - a scroll of silence {unknown}
 f - 2 scrolls of vulnerability {unknown}
 g - a scroll of amnesia {unknown}
 j - 2 scrolls of noise {unknown}
 k - a scroll of brand weapon {unknown}
 l - a scroll of enchant weapon {unknown}
 q - a scroll of blinking {unknown}
 s - a scroll of magic mapping {unknown}
 u - a scroll of teleportation {unknown}
Potions
 b - 2 potions of haste {unknown}
 h - a potion of flight {unknown}
 i - a potion of heal wounds {unknown}
 m - a potion of attraction {unknown}
 o - a potion of magic {unknown}
 p - a potion of ambrosia {unknown}
 t - a potion of invisibility {unknown}


   Skills:
 * Level 1.1 Fighting
 * Level 0.3 Armour
 * Level 3.1 Dodging
 * Level 2.2 Stealth
 + Level 3.8 Spellcasting


You couldn't memorise any spells.
You knew the following spells:

 Your Spells              Type           Power      Damage    Failure   Level
a - Shock                 Conj/Air       72%        1d7       54%         1
b - Static Discharge      Conj/Air       36%        2-4/arc   69%         2
c - Swiftness             Air            18%        N/A       89%         3
d - Airstrike             Air            9%         2d(2-18)  100%        4
e - Apportation           Tloc           36%        N/A       54%         1
f - Searing Ray           Conj           36%        2d5       69%         2
Your spell library was empty.

Dungeon Overview and Level Annotations

Branches:
Dungeon (3/15)

Altars:
Ru

Shops:
D:3 :


Innate Abilities, Weirdness & Mutations

You are immune to sickness and miasma.
You are immune to poison.
Your flesh is very heat resistant. (rF++)
You are vulnerable to cold. (rC-)
You float through the air rather than walking.
You learn spells naturally, not from books.
Your magical power is your life essence.
You have superior vitality. (+4 MHP)


Message History

The goblin barely misses you.
You closely miss the goblin.
The goblin is severely wounded.
The goblin hits you but does no damage.
You closely miss the goblin.
The goblin is severely wounded.
The goblin hits you but does no damage.
You miss the goblin.
The goblin is severely wounded.
The goblin hits you but does no damage.
You closely miss the goblin.
The goblin is severely wounded.
The goblin hits you but does no damage.
You closely miss the goblin.
The goblin is severely wounded.
The goblin hits you with a +0 club.
You hit the goblin.
You kill the goblin!
You hit the ogre.
The ogre is lightly wounded.
The ogre hits you with a +0 giant club.
You hit the ogre.
The ogre is lightly wounded.
The ogre hits you with a +0 giant club!
You closely miss the ogre.
The ogre is lightly wounded.
You hit the ogre but do no damage.
The ogre is lightly wounded.
The ogre hits you with a +0 giant club!!
* * * LOW HITPOINT WARNING * * *
You barely miss the ogre.
The ogre is lightly wounded.
The ogre hits you with a +0 giant club.
* * * LOW HITPOINT WARNING * * *
You hit the ogre.
The ogre is lightly wounded.
You hit the ogre but do no damage.
The ogre is lightly wounded.
The ogre hits you with a +0 giant club!
You die...

##.#.........###......[.........>
#.#.........###.....).....#.>##.
#.#...............###.....#..##.
#...........###.#####.....##....
##..............#.gg##.#####....
##............##g..#..........†
##..........#.# ..(#####.......
#..........[#.###g# #####......
#.......###...@Ogg###..........
##..#.#..###..####.......#......
##..##.##..##....###..###........
...###..##.###.......## ##.......
##.# ##.##.###......## ##......
##.# #.##...#.....## ##..... #..#
#.####......## ##...# #.## #.#
##.#..## ##... #.#####.####..†#.#
### #.##


You could see an ogre and 3 goblins.

Vanquished Creatures
  Terence (D:2)
  Robin (D:2)
  An adder (D:3)
  4 worms
  2 dart slugs
  4 orcs (D:3)
  7 endoplasms
  4 giant cockroaches
  17 goblins
  10 hobgoblins
  5 jackals
  A quokka (D:3)
  4 ball pythons
  4 bats
  2 frilled lizards
  8 kobolds
  5 rats
80 creatures vanquished.

Notes
Turn   | Place    | Note
-------+----------+-------------------------------------------
     0 | D:1      | gelatine the Djinni Air Elementalist began the quest for
                  | the Orb.
     0 | D:1      | gelatine set off with the following spells memorised:
                  | Shock, Static Discharge, Swiftness, Airstrike.
     0 | D:1      | Reached XP level 1. HP: 15/15 MP: 0/0
    83 | D:1      | Reached XP level 2. HP: 14/21 MP: 0/0
   322 | D:1      | Reached XP level 3. HP: 21/25 MP: 0/0
   322 | D:1      | Learned a level 1 spell: Apportation
   778 | D:2      | Noticed Terence
   785 | D:2      | Killed Terence
   786 | D:2      | Reached XP level 4. HP: 12/31 MP: 0/0
  1081 | D:2      | Found a sacrificial altar of Ru.
  1615 | D:3      | Found Tubbaof's Book Shop.
  1621 | D:3      | Reached XP level 5. HP: 31/36 MP: 0/0
  1621 | D:3      | Learned a level 2 spell: Searing Ray
  1630 | D:3      | Reached skill level 1 in Fighting
  1675 | D:3      | Noticed Robin
  1690 | D:2      | Killed Robin
  2095 | D:3      | Found a faded altar of an unknown god.
  2186 | D:3      | Noticed an ogre
  2225 | D:3      | Slain by an ogre

Illustrated notes

Levels and vault maps discovered:
D:1:      lightli_arrival_isolated_outpost, layout_basic, minmay_pentomino_q4
D:2:      layout_loops_ring, basic_altar, st_stairs_14, grunt_ministairs_13,
          serial_park_tiny_2, uniq_terence
D:3:      layout_rooms, nemelex_spade_bored_becter, serial_shops, shop,
          dreamdust_ecumenical_altar_angels_and_demons, minmay_misc_feat_tiny,
          minmay_ogre_servants, uniq_robin, uniq_jessica

Skill      XL: |  1  2  3  4  5 |
---------------+----------------+-----
Spellcasting   | 3 |  3.8
Stealth        | 2 |  2.2
Fighting       | 1 |  1.1
Dodging        | 3 |  3.1
Armour         | |  0.3

Action                   |  1- 3 |  4- 6 || total
-------------------------+-------+-------++-------
Melee: Dagger            |       |    61 ||    61
 Cast: Shock             |    77 |    76 ||   153
       Static Discharge  |     3 |     2 ||     5
Armor: Robe              |     3 |     2 ||     5
       Pearl dragon scal |       |    30 ||    30
Dodge: Dodged            |     8 |    27 ||    35

Table legend: (Time is in decaauts)
 A = Elapsed time spent in this place.
 B = Non-inter-level travel time spent in this place.
 C = Inter-level travel time spent in this place.
 D = Time resting spent in this place.
 E = Time spent auto-exploring this place.
 F = Levels seen in this place.
 G = Mean time per level.
                   A        B        C        D        E       F      G
               +--------+--------+--------+--------+--------+-----+--------+
         Total |   2224 |   2151 |     73 |     89 |   1536 |   3 |  741.3 |
       Dungeon |   2224 |   2151 |     73 |     89 |   1536 |   3 |  741.3 |
               +--------+--------+--------+--------+--------+-----+--------+

Top non-repeatable levels by time:
     D:2: 982 daAuts
     D:1: 740 daAuts
     D:3: 501 daAuts
